 Dungeon Crawl Stone Soup version 0.25.1-2-g60ff931df9 (webtiles) character file.

Game seed: 9357952186499088802

35886 Curus the Brawler (level 13, -11/119 HPs)
             Began as a Troll Berserker on Oct 13, 2020.
             Was a High Priest of Trog.
             Mangled by a tyrant leech (28 damage)
             ... on level 6 of the Lair of Beasts.
             The game lasted 01:11:29 (11739 turns).

Curus the Brawler (Troll Berserker)                Turns: 11739, Time: 01:11:29

Health: -11/119    AC: 13    Str: 28    XL:     13   Next: 50%
Magic:  17/17      EV: 12    Int: 11    God:    Trog [*****.]
Gold:   767        SH: 15    Dex: 11    Spells: 12/12 levels left

rFire    + . .     SeeInvis +     - Unarmed
rCold    + . .     Gourm    +   z - +3 kite shield {rPois}
rNeg     + . .     Faith    +   L - +2 robe {rC+ rF+}
rPois    +         Spirit   .   A - +2 hat {SInv}
rElec    .         Reflect  .   D - +2 cloak {rCorr}
rCorr    +         Harm     .   (gloves unavailable)
MR       ++...                  (boots unavailable)
Stlth    +.........             q - amulet of faith
HPRegen  1.69/turn              e - ring of positive energy
MPRegen  0.15/turn              g - +6 ring of intelligence

@: lethally poisoned (-11 -> -12), berserk cooldown, regenerating, slowed, very
slow
A: large, unfitting armour, claws 3, fast metabolism 3, gourmand, regeneration
1, shaggy fur 1, tough skin 3
a: Berserk, Trog's Hand, Brothers in Arms, Renounce Religion


You were on level 6 of the Lair of Beasts.
You worshipped Trog.
Trog was extremely pleased with you.
You were not hungry.

You visited 2 branches of the dungeon, and saw 15 of its levels.

You collected 1043 gold pieces.
You spent 276 gold pieces at shops.

Inventory:

Hand Weapons
 K - a +1 long sword of flaming
Armour
 a - a +2 animal skin
 m - the +1 robe of the Watchman {rElec rPois Int+4}
   (You bought it in a shop on level 4 of the Dungeon)

   It affects your intelligence (+4).
   It insulates you from electricity.
   It protects you from poison.
 u - a +2 cloak
 y - the +1 cloak of Vuint {*Slow rC- Int+8 Dex+9}
   (You found it on level 7 of the Dungeon)

   It affects your intelligence (+8).
   It affects your dexterity (+9).
   It makes you vulnerable to cold.
   It may slow you when you take damage.
 z - a +3 kite shield of poison resistance (worn)
 A - a +2 hat of see invisible (worn)
 D - a +2 cloak of preservation (worn)
 L - a +2 robe of resistance (worn)
Jewellery
 e - a ring of positive energy (left claw)
 g - a +6 ring of intelligence (right claw)
 h - an uncursed amulet of the acrobat
 l - an uncursed ring of resist corrosion
 p - an uncursed ring of fire
 q - an amulet of faith (around neck)
 v - an uncursed amulet of regeneration
Wands
 j - a wand of random effects (16)
 o - a wand of enslavement (13)
 s - a wand of flame (82)
 t - a wand of digging (10)
 w - a wand of polymorph (9)
 x - a wand of clouds (5)
Scrolls
 c - 5 scrolls of teleportation
 r - 7 scrolls of identify
 E - 3 scrolls of fear
 F - a scroll of blinking
 G - a scroll of vulnerability
 I - 3 scrolls of fog
 J - 2 scrolls of remove curse
 M - 2 scrolls of enchant weapon
Potions
 d - 6 potions of degeneration
 f - 2 potions of might
 i - 2 potions of haste
 k - 9 potions of curing
 n - a potion of lignification
 B - 3 potions of flight
 C - 2 potions of cancellation
 H - a potion of heal wounds
Comestibles
 b - 35 rations


   Skills:
 + Level 5.6 Fighting
 + Level 5.6 Dodging
 - Level 9.7 Shields
 - Level 15.8 Unarmed Combat
 - Level 7.0 Evocations


You had 12 spell levels left.
You didn't know any spells.
Your spell library was empty.

Dungeon Overview and Level Annotations

Branches:
Dungeon (9/15)             Temple (0/1) D:7            Lair (6/6) D:9
 Shoals (0/4) Lair:4       Spider (0/4) Lair:2          Orc (0/2) D:9
  Slime: Lair:5-6

Altars:
Ashenzari
Dithmenos
Elyvilon
Fedhas
Makhleb
Nemelex Xobeh
Okawaru
Ru
Sif Muna
Xom

Shops:
D:4 [   D:7 *

Annotations:
D:6 1 runed translucent door, doomsgape's ghost, novice GrFi
Lair:5 1 runed translucent door, exclusion: 2 oklob plants, Qoypruj's ghost, journeyman MiGl


Innate Abilities, Weirdness & Mutations

You are too large for most types of armour.
You have claws for hands.
Your metabolism is lightning-fast.
You like to eat raw meat.
Your natural rate of healing is unusually fast.
You are covered in fur. (AC +1)
You have extremely tough skin. (AC +3)


Message History

You are no longer berserk.
You are exhausted.
You feel yourself slow down.
You feel sick. You block the tyrant leech's attack.
Unknown command.
You claw the tyrant leech!
The tyrant leech is moderately wounded.
You feel sick. The tyrant leech closely misses you.
You scratch the tyrant leech.
The tyrant leech is moderately wounded.
You feel sick.
You closely miss the tyrant leech.
The tyrant leech is moderately wounded.
You feel sick. The tyrant leech bites you!
* * * LOW HITPOINT WARNING * * *
The tyrant leech draws strength from your injuries!
Your skin crawls.
You feel resistant to hostile enchantments.
You feel quite a bit more hungry.
You feel sick. The tyrant leech bites you!!
You die...

............(.≈P≈≈
..........≈..≈≈P≈≈≈
............≈≈P≈P≈P
..........†.≈≈≈≈≈≈≈
..........P≈≈≈≈≈≈≈≈
...........≈≈≈≈≈≈P≈
###..#.#...≈≈≈≈≈≈≈≈
#####....≈w≈P≈≈≈≈
#..†...@≈≈≈≈≈≈≈
#####....≈.≈≈≈≈≈≈≈
#.†#...##..≈≈≈≈≈≈≈
###††)....##.≈≈≈P≈##
##..#......##≈≈≈.≈P#
#P.#.......##≈.≈####
##......P#########
##.......##
##P........#


You could see a tyrant leech.

Vanquished Creatures
  Gastronok (D:8)
  6 hydras
  A catoblepas (Lair:6)
  An anaconda (Lair:5)
  A dancing weapon (Lair:4)
  Nergalle (Lair:2)
  The ghost of Laummuim the Gouger, a journeyman FeFi of Fedhas (Lair:4)
  Pikel (D:8)
  A manticore (D:7)
  An oklob plant (Lair:3)
  2 ugly things (D:9)
  6 elephants (Lair:5)
  Maurice (D:9)
  A merfolk siren (Lair:4)
  14 spiny frogs
  2 torpor snails (Lair:5)
  2 rime drakes
  2 black mambas
  A komodo dragon (Lair:5)
  A merfolk (Lair:4)
  A jumping spider (Lair:2)
  2 trolls
  Grinder (D:3)
  2 hippogriffs
  11 blink frogs
  2 dream sheep (Lair:5)
  4 wyverns
  17 yaks
  4 hogs (D:8)
  4 basilisks
  A human (D:8)
  2 hungry ghosts
  A vampire mosquito (Lair:6)
  Menkaure (D:7)
  8 porcupines
  Duvessa (D:7)
  7 water moccasins
  3 black bears (D:7)
  A slave (D:8)
  2 ice beasts
  A phantom (D:9)
  4 orc warriors
  A sky beast (D:8)
  4 ogres
  7 wolves
  2 centaurs
  15 crocodiles
  14 bullfrogs
  Dowan (D:7)
  3 scorpions
  An electric eel (Lair:2)
  5 crimson imps
  2 howler monkeys
  5 orc priests
  Crazy Yiuf (D:6)
  A centaur skeleton (D:6)
  2 hounds (D:9)
  3 iguanas
  Natasha (thrice) (D:4)
  6 orc wizards
  3 worker ants
  A hound zombie (D:7)
  2 hound skeletons
  A howler monkey zombie (D:7)
  A worker ant zombie (D:7)
  Robin (D:2)
  12 adders
  8 gnolls
  2 worms (D:3)
  A dart slug (D:3)
  7 leopard geckos
  19 orcs
  3 ball pythons
  7 giant cockroaches
  10 goblins
  7 hobgoblins
  9 jackals
  11 kobolds
  A quokka (D:3)
  11 bats
  4 frilled lizards
  2 leopard gecko skeletons (D:4)
  A quokka zombie (D:9)
  9 rats
  A fungus (D:6)
  2 plants
339 creatures vanquished.

Vanquished Creatures (collateral kills)
  A hydra (Lair:6)
  A merfolk siren (Lair:4)
  A merfolk (Lair:4)
  A blink frog (Lair:6)
  A bullfrog (Lair:6)
5 creatures vanquished.

Vanquished Creatures (others)
  A centaur (D:8)
  4 fungi
  17 plants
  5 toadstools (D:1)
27 creatures vanquished.

Grand Total: 371 creatures vanquished

Notes
Turn   | Place    | Note
-------+----------+-------------------------------------------
     0 | D:1      | Curus the Troll Berserker began the quest for the Orb.
     0 | D:1      | Reached XP level 1. HP: 22/22 MP: 0/0
   109 | D:1      | Reached XP level 2. HP: 29/29 MP: 1/1
   374 | D:2      | Reached skill level 4 in Unarmed Combat
   398 | D:2      | Noticed Robin
   408 | D:2      | Killed Robin
   408 | D:2      | Reached XP level 3. HP: 28/36 MP: 2/2
   614 | D:2      | Reached ** piety under Trog
   655 | D:2      | Reached XP level 4. HP: 43/44 MP: 3/3
   690 | D:2      | Reached skill level 5 in Unarmed Combat
  1180 | D:3      | Noticed Grinder
  1193 | D:3      | Killed Grinder
  1193 | D:3      | Reached skill level 6 in Unarmed Combat
  1193 | D:3      | Reached XP level 5. HP: 46/50 MP: 4/4
  1193 | D:3      | Reached XP level 6. HP: 55/59 MP: 5/5
  1292 | D:3      | Reached skill level 7 in Unarmed Combat
  1566 | D:3      | Reached *** piety under Trog
  1787 | D:4      | Found Nuzinaz's Antique Armour Emporium.
  1798 | D:4      | Noticed Natasha
  1804 | D:4      | Killed Natasha
  1841 | D:4      | Reached skill level 8 in Unarmed Combat
  1841 | D:4      | Reached XP level 7. HP: 52/66 MP: 6/6
  1854 | D:4      | Bought a heavily jewelled robe for 119 gold pieces
  1864 | D:4      | Identified the cursed +1 robe of the Watchman {rElec rPois
                  | Int+4} (You bought it in a shop on level 4 of the Dungeon)
  2010 | D:4      | Noticed Natasha
  2013 | D:4      | Killed Natasha
  2184 | D:4      | Noticed Natasha
  2190 | D:4      | Killed Natasha
  2256 | D:4      | Found a sparkling altar of Nemelex Xobeh.
  2409 | D:5      | Entered Level 5 of the Dungeon
  2515 | D:5      | Reached skill level 9 in Unarmed Combat
  2520 | D:5      | Reached **** piety under Trog
  2748 | D:5      | Reached XP level 8. HP: 74/74 MP: 7/7
  2752 | D:5      | Reached skill level 10 in Unarmed Combat
  3131 | D:6      | Found a runed translucent door.
  3131 | D:6      | Found a shimmering altar of Xom.
  3131 | D:6      | Noticed doomsgape's ghost (novice GrFi)
  3189 | D:6      | Noticed a +2 quarterstaff of chaos
  3407 | D:6      | Reached skill level 11 in Unarmed Combat
  3628 | D:6      | Found a runed translucent door.
  3629 | D:6      | Noticed Crazy Yiuf
  3633 | D:6      | Killed Crazy Yiuf
  3717 | D:7      | Noticed Menkaure
  3727 | D:7      | Killed Menkaure
  3732 | D:7      | Reached XP level 9. HP: 44/80 MP: 8/8
  3851 | D:7      | Reached ***** piety under Trog
  3865 | D:7      | Reached skill level 12 in Unarmed Combat
  4099 | D:7      | Noticed a manticore
  4103 | D:7      | Noticed a troll
  4109 | D:7      | Killed a manticore
  4114 | D:7      | Killed a troll
  4114 | D:7      | Reached skill level 13 in Unarmed Combat
  4165 | D:7      | Got a scorched cloak
  4189 | D:7      | Identified the +1 cloak of Vuint {*Slow rC- Int+8 Dex+9}
                  | (You found it on level 7 of the Dungeon)
  4282 | D:7      | Noticed Dowan
  4283 | D:7      | Noticed Duvessa
  4294 | D:7      | Killed Duvessa
  4296 | D:7      | Found a staircase to the Ecumenical Temple.
  4298 | D:7      | Killed Dowan
  4443 | D:7      | Found a sacrificial altar of Ru.
  4496 | D:7      | Found Amoemp's Serpentskin Sales.
  4653 | D:4      | Bought a shiny kite shield for 157 gold pieces
  4935 | D:8      | Reached skill level 14 in Unarmed Combat
  4972 | D:8      | Found a blossoming altar of Fedhas.
  4992 | D:8      | Reached XP level 10. HP: 88/88 MP: 9/9
  5090 | D:8      | Noticed Pikel
  5105 | D:8      | Killed Pikel
  5160 | D:8      | Found a shimmering blue altar of Sif Muna.
  5382 | D:8      | Received a gift from Trog
  5438 | D:8      | Found an iron altar of Okawaru.
  5439 | D:8      | Found a shadowy altar of Dithmenos.
  5520 | D:8      | Found a white marble altar of Elyvilon.
  5587 | D:8      | Noticed Gastronok
  5605 | D:8      | Killed Gastronok
  5605 | D:8      | Reached skill level 15 in Unarmed Combat
  5866 | D:9      | Noticed a brown ugly thing
  5882 | D:9      | Killed a brown ugly thing
  6041 | D:9      | Found a staircase to the Orcish Mines.
  6051 | D:9      | Reached XP level 11. HP: 97/97 MP: 10/10
  6090 | D:9      | Noticed Maurice
  6170 | D:9      | Killed Maurice
  6358 | D:9      | Noticed a cyan ugly thing
  6371 | D:9      | Killed a cyan ugly thing
  6568 | D:9      | Found a shadowy altar of Dithmenos.
  6596 | D:9      | Found a shattered altar of Ashenzari.
  6725 | D:9      | Found a staircase to the Lair.
  6730 | Lair:1   | Entered Level 1 of the Lair of Beasts
  6746 | Lair:1   | Reached skill level 1 in Evocations
  6775 | Lair:1   | Noticed a five-headed hydra
  6783 | Lair:1   | Killed a nine-headed hydra
  7037 | Lair:1   | Noticed a four-headed hydra
  7046 | Lair:1   | Killed a nine-headed hydra
  7374 | Lair:2   | Received a gift from Trog
  7399 | Lair:2   | Reached skill level 5 in Evocations
  7434 | Lair:2   | Found a hole to the Spider Nest.
  7493 | Lair:2   | Noticed Nergalle
  7501 | Lair:2   | Killed Nergalle
  8131 | Lair:2   | Noticed an eight-headed hydra
  8140 | Lair:2   | Killed a ten-headed hydra
  8140 | Lair:2   | Reached XP level 12. HP: 63/107 MP: 14/16
  8443 | Lair:3   | Reached skill level 1 in Shields
  9064 | Lair:3   | Noticed a seven-headed hydra
  9071 | Lair:3   | Killed a nine-headed hydra
  9432 | Lair:4   | Found a staircase to the Shoals.
  9438 | Lair:4   | Reached skill level 5 in Shields
  9654 | Lair:4   | Found a runed translucent door.
  9654 | Lair:4   | Found a shimmering altar of Xom.
  9654 | Lair:4   | Noticed Laummuim's ghost (journeyman FeFi)
  9690 | Lair:4   | Received a gift from Trog
  9692 | Lair:4   | HP: 7/160 [Laummuim's ghost (8)]
  9698 | Lair:4   | Killed Laummuim's ghost
 10612 | Lair:5   | Found a burning altar of Makhleb.
 10720 | Lair:5   | Reached XP level 13. HP: 60/114 MP: 17/17
 10950 | Lair:5   | Found a runed translucent door.
 10951 | Lair:5   | Found a shimmering altar of Xom.
 10951 | Lair:5   | Noticed Qoypruj's ghost (journeyman MiGl)
 11528 | Lair:6   | Entered Level 6 of the Lair of Beasts
 11616 | Lair:6   | Reached skill level 5 in Fighting
 11616 | Lair:6   | Reached skill level 5 in Dodging
 11708 | Lair:6   | Received a gift from Trog
 11739 | Lair:6   | Mangled by a tyrant leech

Illustrated notes

Levels and vault maps discovered:
D:1:      ldierk_walled_garden, layout_rooms
D:2:      layout_loops_ring, uniq_robin
D:3:      layout_rooms, minmay_fractal_squares_5, uniq_grinder
D:4:      layout_gridville, serial_shops, shop, nemelex_lonely_heart_becter,
          uniq_natasha
D:5:      layout_loops_cross, first_ration
D:6:      layout_cave_pools, ebering_ghost_xom, uniq_crazy_yiuf_cottage
D:7:      minmay_the_grid_octo_triangle [minmay_the_grid_octo_fan_narrow,
          minmay_the_grid_octo_prize_big_c, minmay_the_grid_octo_clover],
          layout_cave_pools, nicolae_ru_path_of_blood,
          minmay_temple_entry_mini_moons, guppyfry_shop_venom, uniq_duvessa,
          uniq_menkaure
D:8:      layout_basic, gammafunk_temple_overflow_forgotten, marbit_many_paths,
          elyvilon_altar_1, grunt_livestock, uniq_gastronok, uniq_pikel
D:9:      layout_cave_pools, lemuel_crystal_altar,
          grunt_lair_entry_orc_guard_hut, grunt_dithmenos_smoke_and_mirrors,
          uniq_maurice
Lair:1:   layout_cave_shapes, small_statue_intersection
Lair:2:   layout_loops_ring, spider_nest_entry_a, serial_bayou_lagoon_a,
          uniq_nergalle
Lair:3:   dpeg_oklob_gauntlet, layout_gridlike
Lair:4:   layout_regular_city, elwin_shoals_entry_stream, ebering_ghost_xom
Lair:5:   layout_hall_layers, minmay_slime_entry_oklob_enclosed, basic_altar,
          ebering_ghost_xom, serial_bayou_pond_d, minmay_shattered_shrine
Lair:6:   minmay_lair_end_frog_pond, layout_hall_layers, st_stairs_6

Skill      XL: |  1  2  3  4  5  6  7  8  9 10 11 12 13 |
---------------+----------------------------------------+-----
Unarmed Combat | 4 6 8 9 11 14 15 | 15.8
Fighting       | 3 4 5 |  5.6
Dodging        | 3 4 5 |  5.6
Evocations     | 7 |  7.0
Shields        | 8 9 |  9.7

Action                   |  1- 3 |  4- 6 |  7- 9 | 10-12 | 13-15 || total
-------------------------+-------+-------+-------+-------+-------++-------
Melee: Unarmed           |   107 |   170 |   253 |   531 |   120 ||  1181
       Punch             |       |     4 |    15 |    18 |       ||    37
Invok: Trog's Hand       |       |     1 |       |     1 |     1 ||     3
       Berserk           |       |       |     2 |     8 |     3 ||    13
       Brothers in Arms  |       |       |       |     1 |     1 ||     2
Evoke: Wand              |       |       |       |     9 |     2 ||    11
  Use: Scroll            |     5 |     2 |    10 |     6 |       ||    23
       Potion            |     2 |     2 |     6 |     2 |       ||    12
 Stab: Petrifying        |       |       |       |       |     1 ||     1
  Eat: Chunk             |    12 |    10 |    39 |    67 |     7 ||   135
       Ration            |       |       |       |     1 |       ||     1
Armor: Animal skin       |    43 |    78 |       |       |       ||   121
       Robe              |       |       |    69 |   157 |    29 ||   255
Dodge: Dodged            |    63 |    96 |    87 |   184 |    30 ||   460
Block: Kite shield       |       |       |       |   142 |    77 ||   219
